 Dungeon Crawl Stone Soup version 0.25-a0-782-g655279ceaa (webtiles) character file.

Game seed: 2240101812689705940, levelgen mode: deterministic

56 mortelune the Bolt Thrower (level 4, -1/34 HPs)
             Began as a Human Hunter on Apr 16, 2020.
             Killed by divine providence
             ... invoked by an orc priest
              (9 damage)
             ... on level 2 of the Dungeon.
             The game lasted 00:04:09 (1274 turns).

mortelune the Bolt Thrower (Human Hunter)           Turns: 1274, Time: 00:04:09

Health: -1/34      AC:  5    Str: 13    XL:     4   Next: 17%
Magic:  4/4        EV: 11    Int: 12    God:
Gold:   75         SH:  0    Dex: 13    Spells: 3/3 levels left

rFire    . . .     SeeInvis .   a - +1 hand crossbow
rCold    . . .     Gourm    .   (no shield)
rNeg     . . .     Faith    .   l - +0 ring mail
rPois    .         Spirit   .   (no helmet)
rElec    .         Reflect  .   (no cloak)
rCorr    .         Harm     .   (no gloves)
MR       .....                  (no boots)
Stlth    +.........             (no amulet)
HPRegen  0.11/turn              (no ring)
MPRegen  0.09/turn              (no ring)

@: no status effects
A: no striking features
a: no special abilities


You were on level 2 of the Dungeon.
You were not hungry.

You visited 1 branch of the dungeon, and saw 2 of its levels.

You collected 75 gold pieces.

Inventory:

Hand Weapons
 a - a +1 hand crossbow (weapon)
 b - a +0 spear
 i - a +0 short sword
Missiles
 d - 9 bolts (quivered)
Armour
 c - a +0 leather armour
 l - a +0 ring mail (worn)
Scrolls
 g - 2 scrolls of random uselessness {unknown}
 j - a scroll of identify {unknown}
 k - a scroll of fear {unknown}
 m - a scroll of remove curse {unknown}
 n - 2 scrolls of amnesia {unknown}
Potions
 e - a potion of brilliance {unknown}
 h - a potion of berserk rage {unknown}
 p - a potion of lignification {unknown}
Comestibles
 f - 6 rations
 o - a chunk of flesh


   Skills:
 + Level 2.8 Fighting
 + Level 4.5 Crossbows
 + Level 2.8 Dodging
 - Level 1.0 Stealth


You had 3 spell levels left.
You didn't know any spells.
Your spell library was empty.

Dungeon Overview and Level Annotations

Branches:
Dungeon (2/15)

Altars:


Message History

Press: ? - help, Shift-Dir - straight line, f/p - orc priest
Aim: an orc priest, wielding a +0 hand axe You shoot a bolt.
The bolt barely misses the orc priest.
An orc priest comes into view.
It is wielding a +2 short sword of draining.
Firing (i - inventory)
d - 11 bolts (quivered)
Press: ? - help, Shift-Dir - straight line, f/p - orc priest
Aim: an orc priest, wielding a +0 hand axe You shoot a bolt.
The bolt hits the orc priest!
The orc priest is severely wounded.
The orc priest invokes the aid of Beogh against you.
Pain shoots through your body!
* * * LOW HITPOINT WARNING * * *
Firing (i - inventory)
d - 10 bolts (quivered)
Press: ? - help, Shift-Dir - straight line, f/p - orc priest
Aim: an orc priest, wielding a +0 hand axe (severely wounded)
You shoot a bolt.
The bolt hits the orc but does no damage.
The orc priest mumbles some strange prayers to Beogh against you.
Beogh smites you!
You die...

.........≈≈≈≈≈≈≈≈≈..#
.......≈≈≈≈≈.≈≈≈≈≈.#
.......≈≈≈≈♣_≈≈≈≈..#
.......≈≈≈≈≈♣♣≈≈≈..#
≈≈≈≈≈≈≈≈≈≈≈#
≈≈≈≈≈≈≈≈≈..#
≈≈≈≈≈≈≈≈≈≈.#
..(≈(≈≈.≈..#
.ooo...@...#
(.(#########


You could see 2 orc priests and an orc.

Vanquished Creatures
  A gnoll (D:1)
  A worm (D:2)
  A dart slug (D:1)
  3 leopard geckos
  2 giant cockroaches (D:1)
  3 goblins (D:1)
  7 hobgoblins (D:1)
  4 kobolds (D:1)
  A ball python (D:1)
  7 bats (D:1)
  A frilled lizard (D:1)
  6 rats
37 creatures vanquished.

Notes
Turn   | Place    | Note
-------+----------+-------------------------------------------
     0 | D:1      | mortelune the Human Hunter began the quest for the Orb.
     0 | D:1      | Reached XP level 1. HP: 16/16 MP: 1/1
    64 | D:1      | Reached XP level 2. HP: 22/22 MP: 2/2
   390 | D:1      | Reached XP level 3. HP: 23/28 MP: 3/3
   852 | D:1      | Reached XP level 4. HP: 34/34 MP: 4/4
  1241 | D:2      | Found a faded altar of an unknown god.
  1274 | D:2      | Killed from afar by an orc priest

Levels and vault maps discovered:
D:1:      nzn_arrival_depleted_hourglass, layout_basic, kennysheep_boxes
D:2:      minmay_wonky_spiral, layout_basic, first_ration,
          chequers_ecumenical_altar_island, minmay_distorted

Action                   |  1- 3 |  4- 6 || total
-------------------------+-------+-------++-------
Melee: Spear             |    97 |    17 ||   114
 Fire: Hand crossbow     |    33 |     8 ||    41
  Eat: Chunk             |       |     1 ||     1
Armor: Leather armour    |    17 |       ||    17
       Ring mail         |    21 |     6 ||    27
Dodge: Dodged            |   102 |     6 ||   108

Table legend:
 A = Non-vault XP
 B = Vault XP
 C = Vault XP percentage of total XP
 D = Non-vault monster count
 E = Vault monster count
 F = Vault count percentage of total count
                 A         B        C        D         E       F
            +---------+---------+-------+---------+---------+-------
      Total |      81 |       0 |   0.0 |      37 |       0 |   0.0
            +---------+---------+-------+---------+---------+-------
        D:1 |      70 |       0 |   0.0 |      32 |       0 |   0.0
        D:2 |      11 |       0 |   0.0 |       5 |       0 |   0.0
            +---------+---------+-------+---------+---------+-------
